 Dungeon Crawl Stone Soup version 0.29-a0-330-g52719c12eb (webtiles) character file.

Game seed: 16859856237592731892

57 kae the Firebug (level 3, -5/26 HPs)
             Began as a Demigod Fire Elementalist on Apr 30, 2022.
             Slain by a gnoll
             ... wielding a +0 flail
              (7 damage)
             ... on level 2 of the Dungeon.
             The game lasted 00:00:48 (2210 turns).

kae the Firebug (Demigod Fire Elementalist)         Turns: 2210, Time: 00:00:48

Health: -5/26      AC:  2    Str:  9    XL:     3   Next: 50%
Magic:  6/9        EV: 12    Int: 21    God:
Gold:   92         SH:  0    Dex: 14    Spells: 0/6 levels left

rFire   . . .      SeeInvis .   (no weapon)
rCold   . . .      Faith    .   (no shield)
rNeg    . . .      Spirit   .   a - +0 robe
rPois   .          Reflect  .   (no helmet)
rElec   .          Harm     .   (no cloak)
rCorr   .          Rampage  .   (no gloves)
Will    .....                   (no boots)
Stlth   ++........              (no amulet)
HPRegen 0.08/turn               (no ring)
MPRegen 0.11/turn               (no ring)

@: no status effects
A: high MP 1, forlorn, divine attributes
a: no special abilities


You were on level 2 of the Dungeon.
You visited 1 branch of the dungeon, and saw 2 of its levels.

You collected 92 gold pieces.

Inventory:

Armour
 a - a +0 robe (worn)
Scrolls
 f - a scroll of fear {unknown}
 g - a scroll of fog {unknown}
 h - a scroll of noise {unknown}
 j - a scroll of blinking {unknown}
Potions
 b - a potion of magic
 c - a potion of lignification {unknown}
 d - a potion of curing {unknown}
 e - a potion of mutation {unknown}
 i - a potion of ambrosia {unknown}


   Skills:
 - Level 1.7 Dodging
 - Level 1.7 Stealth
 + Level 2.4 Spellcasting
 + Level 2.0 Conjurations
 + Level 3.2 Fire Magic


You couldn't memorise any spells.
You knew the following spells:

 Your Spells              Type           Power      Damage    Failure   Level
a - Foxfire               Conj/Fire      52%        2x1d6     4%          1
b - Scorch                Fire           32%        2d6       5%          2
c - Conjure Flame         Conj/Fire      13%        6-21      14%         3

Your spell library contained the following spells:

 Spells                   Type           Power      Damage    Failure   Level
 Static Discharge         Conj/Air       6%         N/A       14%         2
 Inner Flame              Hex/Fire       9%         N/A       22%         3
 Stone Arrow              Conj/Erth      12%        3d7       28%         3
 Flame Wave               Conj/Fire      13%        2d6       43%         4
 Airstrike                Air            1%         N/A       80%         4
 Borgnjor's Vile Clutch   Necr/Erth      1%         N/A       98%         5
 Statue Form              Tmut/Erth      1%         N/A       100%        6


Dungeon Overview and Level Annotations

Branches:
Dungeon (2/15)


Innate Abilities, Weirdness & Mutations

You have an increased reservoir of magic. (+10% MP)
You shall have no god before yourself.
Your divine heritage dramatically boosts your attributes as you level up.


Message History

Casting: Foxfire (safe; 4% risk of failure)
Confirm with . or Enter, or press ? or * to list all spells.
You conjure some foxfire!
The gnoll shouts! x2; You hear a shout!
The foxfire hits the gnoll.
The gnoll is lightly wounded.
The foxfire hits the gnoll.
The gnoll is heavily wounded.
There are monsters nearby!
There are monsters nearby!
Casting: Foxfire (safe; 4% risk of failure)
Confirm with . or Enter, or press ? or * to list all spells.
You conjure some foxfire!
The foxfire hits the gnoll.
The gnoll is almost dead.
The foxfire hits the gnoll.
You kill the gnoll!
Your Conjurations skill increases to level 2!
There is a stone staircase leading up here.
Casting: Foxfire (safe; 4% risk of failure)
Confirm with . or Enter, or press ? or * to list all spells.
You conjure some foxfire!
The foxfire hits the gnoll.
The gnoll is lightly wounded.
The foxfire hits the gnoll but does no damage.
The gnoll is lightly wounded.
Casting: Foxfire (safe; 4% risk of failure)
Confirm with . or Enter, or press ? or * to list all spells.
You conjure some foxfire!
A gnoll comes into view. It is wielding a +0 club.
The gnoll hits you with a +0 flail!
Ouch! That really hurt!
The foxfire hits the gnoll.
The gnoll is heavily wounded.
The foxfire hits the gnoll.
The gnoll is heavily wounded.
The gnoll hits you with a +0 flail!
* * * LOW HITPOINT WARNING * * *
The gnoll hits you with a +0 flail!
You die...

##.......#.# #.##.# .#
.......#.#.###....# .#
##.###.#.#..####..# g# ##.#
#.#.#..# #..# .# ...#
#.#.#..# #..# .# ####
#.#.#..####..# .# #
#.†..†.......####)#
######.#.#.....§.g..g..#####
............#...@g...........
.......#...[....#############
#####...#####...#
..........#####.#
#####...#.......#
##.########## ..# ###


You could see 3 gnolls.

Vanquished Creatures
  A gnoll (D:2)
  A worm (D:2)
  A dart slug (D:2)
  3 bats
  An endoplasm (D:2)
  2 giant cockroaches (D:1)
  5 goblins
  5 hobgoblins
  4 jackals (D:2)
  4 kobolds
  A quokka (D:1)
  6 ball pythons
  2 frilled lizards
  3 rats
39 creatures vanquished.

Vanquished Creatures (others)
  141 foxfires
141 creatures vanquished.

Grand Total: 180 creatures vanquished

Notes
Turn   | Place    | Note
-------+----------+-------------------------------------------
     0 | D:1      | kae the Demigod Fire Elementalist began the quest for the
                  | Orb.
     0 | D:1      | Reached XP level 1. HP: 14/14 MP: 5/5
    98 | D:1      | Reached skill level 1 in Conjurations
   537 | D:1      | Reached XP level 2. HP: 20/20 MP: 4/7
   540 | D:1      | Learned a level 2 spell: Scorch
   980 | D:1      | Reached skill level 3 in Fire Magic
  1702 | D:2      | Reached XP level 3. HP: 26/26 MP: 6/9
  1706 | D:2      | Learned a level 3 spell: Conjure Flame
  2016 | D:2      | Got Sif Muna's Catalogue of Flight and Stones
  2210 | D:2      | Slain by a gnoll

Illustrated notes

Levels and vault maps discovered:
D:1:      minmay_arrival_stone_box, layout_loops_corners,
          minmay_stone_trees_small
D:2:      layout_loops_ring

Skill      XL: |  1  2  3 |
---------------+----------+-----
Conjurations   | 1 2 |  2.0
Spellcasting   | 2 |  2.4
Fire Magic     | 3 |  3.2
Dodging        | |  1.7
Stealth        | |  1.7

Action                   || total
-------------------------++-------
Melee: Unarmed           ||     4
 Cast: Foxfire           ||    84
       Scorch            ||     6
Armor: Robe              ||     5
Dodge: Dodged            ||    13

Table legend: (Time is in decaauts)
 A = Elapsed time spent in this place.
 B = Non-inter-level travel time spent in this place.
 C = Inter-level travel time spent in this place.
 D = Time resting spent in this place.
 E = Time spent auto-exploring this place.
 F = Levels seen in this place.
 G = Mean time per level.
                   A        B        C        D        E       F      G
               +--------+--------+--------+--------+--------+-----+--------+
         Total |   2209 |   2194 |     15 |      0 |   1909 |   2 | 1104.5 |
       Dungeon |   2209 |   2194 |     15 |      0 |   1909 |   2 | 1104.5 |
               +--------+--------+--------+--------+--------+-----+--------+

Top non-repeatable levels by time:
     D:1: 1373 daAuts
     D:2: 836 daAuts
